| TOP OF THE 1ST |
|
State College Spikes batting - Pitching for Tri-City Dust Devils : RHP Jamie Bostic
|
|
Pitching: RHP Jamie Bostic
|
|
|
Batting: RHB Robby Hickman
|
0-0: Called Strike 0-1: SINGLE (Line Drive, 9S, EV 110.0 MPH)
|
|
Pitching: RHP David Koski
|
|
|
Batting: RHB Bobby Miles
|
0-0: Called Strike 0-1: Ball 1-1: Fly out, F9 (Flyball, 9D, EV 87.5 MPH)
|
|
Batting: LHB Ignacio Ocampo
|
0-0: Ball 1-0: Ball 2-0: Called Strike 2-1: Called Strike Robby Hickman is caught stealing 2nd base 2-6 2-2: Ball 3-2: Foul Ball, location: 2F 3-2: Foul Ball, location: 2F 3-2: Strikes out looking
|
| Top of the 1st over - 0 runs, 1 hit, 0 errors, 0 left on base; State College 0 - Tri-City 0 |
| BOTTOM OF THE 1ST |
|
Tri-City Dust Devils batting - Pitching for State College Spikes : RHP Steve Pierson
|
|
Pitching: RHP Steve Pierson
|
|
|
Batting: LHB Ramon Vega
|
0-0: Ball 1-0: Called Strike 1-1: Foul Ball, location: 2F 1-2: SINGLE (Groundball, 56, EV 100.6 MPH) (infield hit)
|
|
Batting: LHB Phil Lerner
|
0-0: Called Strike Ramon Vega steals 2nd base 0-1: Ball 1-1: Foul Ball, location: 2F 1-2: TRIPLE (Line Drive, 8RD, EV 95.6 MPH) Ramon Vega scores
|
|
Batting: RHB Eric McMillian
|
0-0: Ball 1-0: Fly out, F9 (Flyball, 89S, EV 79.4 MPH)
|
|
Batting: LHB Chad Cutler
|
0-0: Ball 1-0: Called Strike 1-1: Foul Ball, location: 2F 1-2: SINGLE (Groundball, 6S, EV 66.2 MPH) (infield hit) Phil Lerner scores
|
|
Batting: RHB Edgardo Rivera
|
0-0: Foul Ball, location: 2F 0-1: Foul Ball, location: 2F 0-2: Strikes out swinging
|
|
Batting: SHB Isaiah Scates
|
0-0: Fly out, F8 (Flyball, 8RM, EV 88.8 MPH)
|
| Bottom of the 1st over - 2 runs, 3 hits, 0 errors, 1 left on base; State College 0 - Tri-City 2 |
| TOP OF THE 2ND |
|
State College Spikes batting - Pitching for Tri-City Dust Devils : RHP David Koski
|
|
Batting: SHB Gerardo Macias
|
0-0: Foul Ball, location: 2F 0-1: Ball 1-1: Foul Ball, location: 2F 1-2: Ball 2-2: Strikes out swinging
|
|
Batting: RHB Tommy Tracy
|
0-0: Ball 1-0: Called Strike 1-1: Ground out 6-3 (Groundball, 6, EV 83.1 MPH)
|
|
Batting: LHB Ken Morehead
|
0-0: SINGLE (Line Drive, 8LS, EV 99.4 MPH)
|
|
Batting: SHB Justin Towry
|
0-0: Foul Ball, location: 2F 0-1: Ball 1-1: Ball 2-1: Swinging Strike 2-2: Fly out, F7 (Flyball, 7, EV 73.1 MPH)
|
| Top of the 2nd over - 0 runs, 1 hit, 0 errors, 1 left on base; State College 0 - Tri-City 2 |
| BOTTOM OF THE 2ND |
|
Tri-City Dust Devils batting - Pitching for State College Spikes : RHP Steve Pierson
|
|
Batting: RHB Hector Fernandez
|
0-0: Ball 1-0: Foul Ball, location: 2F 1-1: Foul Ball, location: 2F 1-2: Strikes out swinging
|
|
Batting: RHB Max Stillo
|
0-0: Called Strike 0-1: Fly out, F2 (Popup, 23F, EV 88.1 MPH)
|
|
Batting: RHB Oren Jones
|
0-0: Ball 1-0: Ground out 6-3 (Groundball, 6D, EV 102.5 MPH)
|
| Bottom of the 2nd over - 0 runs, 0 hits, 0 errors, 0 left on base; State College 0 - Tri-City 2 |
| TOP OF THE 3RD |
|
State College Spikes batting - Pitching for Tri-City Dust Devils : RHP David Koski
|
|
Batting: RHB Sam Daw
|
0-0: Hit by Pitch
|
|
Batting: RHB Geoff Musico
|
0-0: Called Strike Sam Daw steals 2nd base (no throw) 0-1: Foul Ball, location: 2F 0-2: Ball Passed Ball! Sam Daw to third 1-2: Strikes out looking
|
|
Batting: RHB Robby Hickman
|
0-0: Called Strike 0-1: Ball 1-1: Foul Ball, location: 2F 1-2: Ball 2-2: Foul Ball, location: 2F 2-2: Fly out, F8 (Flyball, 89M, EV 88.1 MPH)
|
|
Batting: RHB Bobby Miles
|
0-0: Ball 1-0: Swinging Strike 1-1: Ball 2-1: Ball 3-1: Swinging Strike 3-2: Base on Balls
|
|
Batting: LHB Ignacio Ocampo
|
0-0: Ball 1-0: Swinging Strike 1-1: Foul Ball, location: 2F 1-2: Ball Bobby Miles is caught stealing 2nd base 2-6
|
| Top of the 3rd over - 0 runs, 0 hits, 0 errors, 1 left on base; State College 0 - Tri-City 2 |
| BOTTOM OF THE 3RD |
|
Tri-City Dust Devils batting - Pitching for State College Spikes : RHP Steve Pierson
|
|
Batting: LHB Ramon Vega
|
0-0: Called Strike 0-1: Ball 1-1: Swinging Strike 1-2: Strikes out looking
|
|
Batting: LHB Phil Lerner
|
0-0: Ball 1-0: Called Strike 1-1: Ball 2-1: Ball 3-1: Base on Balls
|
|
Batting: RHB Eric McMillian
|
0-0: Called Strike Phil Lerner is caught stealing 2nd base 2-4 0-1: Ball 1-1: Ball 2-1: SINGLE (Flyball, 3D, EV 82.5 MPH)
|
|
Batting: LHB Chad Cutler
|
0-0: Ball 1-0: Called Strike 1-1: Foul Ball, location: 2F 1-2: Foul Ball, location: 2F 1-2: Fly out, F7 (Flyball, 78S, EV 96.9 MPH)
|
| Bottom of the 3rd over - 0 runs, 1 hit, 0 errors, 1 left on base; State College 0 - Tri-City 2 |
| TOP OF THE 4TH |
|
State College Spikes batting - Pitching for Tri-City Dust Devils : RHP David Koski
|
|
Batting: LHB Ignacio Ocampo
|
0-0: Foul Ball, location: 2F 0-1: Ball 1-1: Called Strike 1-2: Ball 2-2: Strikes out swinging
|
|
Batting: SHB Gerardo Macias
|
0-0: Swinging Strike 0-1: Foul Ball, location: 2F 0-2: Fly out, F7 (Flyball, 78M, EV 80.6 MPH)
|
|
Batting: RHB Tommy Tracy
|
0-0: Ball 1-0: Ball 2-0: Called Strike 2-1: Called Strike 2-2: Strikes out swinging
|
| Top of the 4th over - 0 runs, 0 hits, 0 errors, 0 left on base; State College 0 - Tri-City 2 |
| BOTTOM OF THE 4TH |
|
Tri-City Dust Devils batting - Pitching for State College Spikes : RHP Steve Pierson
|
|
Batting: RHB Edgardo Rivera
|
0-0: Ball 1-0: Foul Ball, location: 2F 1-1: Ground out 4-3 (Groundball, 34, EV 81.9 MPH)
|
|
Batting: SHB Isaiah Scates
|
0-0: Called Strike 0-1: Swinging Strike 0-2: Ball 1-2: Ball 2-2: Strikes out swinging
|
|
Batting: RHB Hector Fernandez
|
0-0: Ball 1-0: Swinging Strike 1-1: Ball 2-1: SINGLE (Line Drive, 78S, EV 105.0 MPH)
|
|
Batting: RHB Max Stillo
|
0-0: Called Strike Hector Fernandez steals 2nd base 0-1: Foul Ball, location: 2F 0-2: Foul Ball, location: 2F 0-2: Strikes out swinging
|
| Bottom of the 4th over - 0 runs, 1 hit, 0 errors, 1 left on base; State College 0 - Tri-City 2 |
| TOP OF THE 5TH |
|
State College Spikes batting - Pitching for Tri-City Dust Devils : RHP David Koski
|
|
Batting: LHB Ken Morehead
|
0-0: Ball 1-0: Ball 2-0: Called Strike 2-1: Ball 3-1: Foul Ball, location: 2F 3-2: Strikes out swinging
|
|
Batting: SHB Justin Towry
|
0-0: Ball 1-0: Called Strike 1-1: Swinging Strike 1-2: Foul Ball, location: 2F 1-2: Fly out, F9 (Flyball, 9S, EV 96.9 MPH)
|
|
Pitching: LHP Doug Axelsen
|
|
|
Batting: RHB Sam Daw
|
0-0: Ball 1-0: Swinging Strike 1-1: Foul Ball, location: 2F 1-2: Ball 2-2: Strikes out swinging
|
| Top of the 5th over - 0 runs, 0 hits, 0 errors, 0 left on base; State College 0 - Tri-City 2 |
| BOTTOM OF THE 5TH |
|
Tri-City Dust Devils batting - Pitching for State College Spikes : RHP Steve Pierson
|
|
Batting: RHB Oren Jones
|
0-0: Ball 1-0: Ball 2-0: Called Strike 2-1: Ball 3-1: Foul Ball, location: 2F 3-2: Fly out, F9 (Flyball, 9D, EV 98.8 MPH)
|
|
Batting: LHB Ramon Vega
|
0-0: Called Strike 0-1: Ball 1-1: Ground out 6-3 (Groundball, 6, EV 84.4 MPH)
|
|
Batting: LHB Phil Lerner
|
0-0: Called Strike 0-1: Ball 1-1: Swinging Strike 1-2: Foul Ball, location: 2F 1-2: Ball 2-2: Ball 3-2: SINGLE (Line Drive, 4MD, EV 93.8 MPH)
|
|
Batting: RHB Eric McMillian
|
0-0: Called Strike 0-1: Foul Ball, location: 2F 0-2: Ball Phil Lerner steals 2nd base 1-2: Foul Ball, location: 2F 1-2: Ball 2-2: Foul Ball, location: 2F 2-2: Foul Ball, location: 2F 2-2: Ball 3-2: Foul Ball, location: 2F 3-2: DOUBLE (Flyball, 8LD, EV 93.8 MPH) Phil Lerner scores
|
|
Batting: LHB Chad Cutler
|
0-0: Swinging Strike 0-1: Swinging Strike 0-2: Foul Ball, location: 2F 0-2: Ball 1-2: Ball 2-2: Strikes out swinging
|
| Bottom of the 5th over - 1 run, 2 hits, 0 errors, 1 left on base; State College 0 - Tri-City 3 |
| TOP OF THE 6TH |
|
State College Spikes batting - Pitching for Tri-City Dust Devils : LHP Doug Axelsen
|
|
Batting: RHB Geoff Musico
|
0-0: Swinging Strike 0-1: Called Strike 0-2: Ball 1-2: Ball 2-2: Strikes out looking
|
|
Pitching: RHP Marko Martin
|
|
|
Batting: RHB Robby Hickman
|
0-0: Ball 1-0: Foul Ball, location: 2F 1-1: Ball 2-1: Ball 3-1: Base on Balls
|
|
Batting: RHB Bobby Miles
|
0-0: Ball 1-0: Ball 2-0: SINGLE (Groundball, 56S, EV 71.9 MPH) (infield hit) Robby Hickman to second
|
|
Batting: LHB Ignacio Ocampo
|
0-0: Ball 1-0: Foul Ball, location: 2F 1-1: Called Strike 1-2: Foul Ball, location: 2F 1-2: Strikes out swinging
|
|
Batting: SHB Gerardo Macias
|
0-0: Ball 1-0: Swinging Strike 1-1: TRIPLE (Flyball, 8RXD, EV 95.6 MPH) Robby Hickman scores Bobby Miles scores
|
|
Batting: RHB Tommy Tracy
|
0-0: Ball 1-0: DOUBLE (Line Drive, 3D, EV 94.4 MPH) Gerardo Macias scores
|
|
Batting: LHB Ken Morehead
|
0-0: Ball 1-0: Ball 2-0: Ball 3-0: Called Strike 3-1: SINGLE (Groundball, 6M, EV 94.4 MPH) Tommy Tracy to third Runner from 3rd tries for Home, SAFE, throw by CF to home
|
|
Pitching: RHP Gilberto Ricalde
|
|
|
Batting: SHB Justin Towry
|
0-0: Ground out 4-3 (Groundball, 4, EV 85.0 MPH)
|
| Top of the 6th over - 4 runs, 4 hits, 0 errors, 1 left on base; State College 4 - Tri-City 3 |
| BOTTOM OF THE 6TH |
|
Tri-City Dust Devils batting - Pitching for State College Spikes : RHP Steve Pierson
|
|
Batting: RHB Edgardo Rivera
|
0-0: SINGLE (Groundball, 6MD, EV 94.4 MPH)
|
|
Batting: SHB Isaiah Scates
|
0-0: Ball 1-0: Ball 2-0: Foul Ball, location: 2F 2-1: Swinging Strike 2-2: Strikes out swinging
|
|
Batting: RHB Hector Fernandez
|
0-0: Foul Ball, location: 2F 0-1: Ball 1-1: Ball 2-1: Ball 3-1: Foul Ball, location: 2F 3-2: SINGLE (Groundball, 6S, EV 66.2 MPH) (infield hit) Edgardo Rivera to second
|
|
Batting: RHB Max Stillo
|
0-0: Ball 1-0: Reached on error, E6 (Groundball, 6, EV 100.0 MPH) Edgardo Rivera to third Hector Fernandez to second
|
|
Pitching: LHP Wil Diaz
|
|
|
Batting: RHB Oren Jones
|
0-0: Called Strike 0-1: Swinging Strike 0-2: SINGLE (Groundball, 56, EV 103.8 MPH) Edgardo Rivera scores Hector Fernandez to third Max Stillo to second Runner from 3rd tries for Home, SAFE, throw by LF to home
|
|
Batting: LHB Ramon Vega
|
0-0: Called Strike 0-1: Fly out, F8 (Line Drive, 89D, EV 93.1 MPH)
|
|
Batting: LHB Phil Lerner
|
0-0: Ball 1-0: Foul Ball, location: 2F 1-1: Ball 2-1: Swinging Strike 2-2: Foul Ball, location: 2F 2-2: Strikes out swinging
|
| Bottom of the 6th over - 2 runs, 3 hits, 1 error, 2 left on base; State College 4 - Tri-City 5 |
| TOP OF THE 7TH |
|
State College Spikes batting - Pitching for Tri-City Dust Devils : RHP Gilberto Ricalde
|
|
Batting: RHB Sam Daw
|
0-0: Called Strike 0-1: Ball 1-1: Ball 2-1: Swinging Strike 2-2: Strikes out swinging
|
|
Batting: RHB Geoff Musico
|
0-0: Ball 1-0: Ball 2-0: Ball 3-0: Called Strike 3-1: Base on Balls
|
|
Batting: RHB Robby Hickman
|
0-0: Ball 1-0: Fly out, F8 (Flyball, 89XD, EV 88.1 MPH)
|
|
Batting: RHB Bobby Miles
|
0-0: Called Strike 0-1: TRIPLE (Flyball, 89XD, EV 98.8 MPH) Geoff Musico scores
|
|
Batting: LHB Ignacio Ocampo
|
0-0: Ball 1-0: Foul Ball, location: 2F 1-1: Called Strike 1-2: Strikes out swinging
|
| Top of the 7th over - 1 run, 1 hit, 0 errors, 1 left on base; State College 5 - Tri-City 5 |
| BOTTOM OF THE 7TH |
|
Tri-City Dust Devils batting - Pitching for State College Spikes : LHP Wil Diaz
|
|
Batting: RHB Eric McMillian
|
0-0: Called Strike 0-1: Foul Ball, location: 2F 0-2: Reached on error, E4 (Groundball, 4M, EV 83.8 MPH)
|
|
Pinch Hitting: RHB Mike MacLeod
|
0-0: Ball 1-0: Ball 2-0: Called Strike 2-1: Ball 3-1: Called Strike 3-2: Foul Ball, location: 2F 3-2: Foul Ball, location: 2F 3-2: Base on Balls Eric McMillian to second
|
|
Batting: RHB Edgardo Rivera
|
0-0: Ball 1-0: Ball 2-0: Called Strike 2-1: Foul Ball, location: 2F 2-2: Ball 3-2: Base on Balls Eric McMillian to third Mike MacLeod to second
|
|
Batting: SHB Isaiah Scates
|
0-0: Called Strike 0-1: Ball 1-1: Foul Ball, location: 2F 1-2: Ball 2-2: Strikes out swinging
|
|
Batting: RHB Hector Fernandez
|
0-0: Swinging Strike 0-1: Swinging Strike 0-2: Ball 1-2: Ball 2-2: Strikes out swinging
|
|
Batting: RHB Max Stillo
|
0-0: Ball Wild Pitch! Eric McMillian scores Mike MacLeod to third Edgardo Rivera to second 1-0: Ball 2-0: Ball 3-0: Base on Balls
|
|
Batting: RHB Oren Jones
|
0-0: Swinging Strike 0-1: Ball 1-1: Foul Ball, location: 2F 1-2: Strikes out swinging
|
| Bottom of the 7th over - 1 run, 0 hits, 1 error, 3 left on base; State College 5 - Tri-City 6 |
| TOP OF THE 8TH |
|
State College Spikes batting - Pitching for Tri-City Dust Devils : RHP Gilberto Ricalde
|
|
Now in LF: Yutaro Takahashi
|
|
|
Batting: SHB Gerardo Macias
|
0-0: Ball 1-0: Ball 2-0: Foul Ball, location: 2F 2-1: Swinging Strike 2-2: Ball 3-2: Strikes out swinging
|
|
Batting: RHB Tommy Tracy
|
0-0: Called Strike 0-1: Foul Ball, location: 2F 0-2: Foul Ball, location: 2F 0-2: Ball 1-2: Ball 2-2: SINGLE (Flyball, 34D, EV 84.4 MPH)
|
|
Pitching: RHP Jamal Kilburn
|
|
|
Batting: LHB Ken Morehead
|
0-0: Ball 1-0: Fly out, F9 (Flyball, 9S, EV 80.6 MPH)
|
|
Batting: SHB Justin Towry
|
0-0: Ground out 4-3 (Groundball, 34, EV 98.8 MPH)
|
| Top of the 8th over - 0 runs, 1 hit, 0 errors, 1 left on base; State College 5 - Tri-City 6 |
| BOTTOM OF THE 8TH |
|
Tri-City Dust Devils batting - Pitching for State College Spikes : LHP Wil Diaz
|
|
Batting: LHB Ramon Vega
|
0-0: Ball 1-0: Ball 2-0: Ground out U3 (Groundball, 3L, EV 96.2 MPH)
|
|
Batting: LHB Phil Lerner
|
0-0: Ball 1-0: Ball 2-0: Fly out, F7 (Flyball, 7LM, EV 88.1 MPH)
|
|
Batting: RHB Eric McMillian
|
0-0: Ball 1-0: Swinging Strike 1-1: Foul Ball, location: 2F 1-2: Foul Ball, location: 2F 1-2: Ball 2-2: Strikes out swinging, 2-3 out at first.
|
| Bottom of the 8th over - 0 runs, 0 hits, 0 errors, 0 left on base; State College 5 - Tri-City 6 |
| TOP OF THE 9TH |
|
State College Spikes batting - Pitching for Tri-City Dust Devils : RHP Jamal Kilburn
|
|
Pitching: RHP Hisatada Sekiguchi
|
|
|
Batting: RHB Sam Daw
|
0-0: Called Strike 0-1: Ball 1-1: Swinging Strike 1-2: Strikes out swinging
|
|
Pinch Hitting: RHB Josh Lyon
|
0-0: Ball 1-0: Foul Ball, location: 2F 1-1: Foul Ball, location: 2F 1-2: Strikes out swinging
|
|
Batting: RHB Robby Hickman
|
0-0: Ground out 6-3 (Groundball, 56S, EV 88.1 MPH)
|
| Top of the 9th over - 0 runs, 0 hits, 0 errors, 0 left on base; State College 5 - Tri-City 6 |
|